 Dungeon Crawl Stone Soup version 0.26.0-10-g1f06aea511 (webtiles) character file.

Game seed: 9306589992429834564

742 raph the Slasher (level 7, -7/57 HPs)
             Began as a Black Draconian Warper on Feb 3, 2021.
             Was a Follower of Okawaru.
             Killed by divine providence
             ... invoked by an orc priest
              (16 damage)
             ... on level 5 of the Dungeon.
             The game lasted 00:11:39 (8281 turns).

raph the Slasher (Black Draconian Warper)           Turns: 8281, Time: 00:11:40

Health: -7/57      AC:  8    Str: 13    XL:     7   Next: 47%
Magic:  17/19      EV: 16    Int: 13    God:    Okawaru [*.....]
Gold:   273        SH:  7    Dex: 13    Spells: 3/11 levels left

rFire    . . .     SeeInvis .   a - +1 falchion
rCold    . . .     Faith    .   h - +1 buckler
rNeg     . . .     Spirit   .   (armour unavailable)
rPois    .         Reflect  .   (helmet restricted)
rElec    +         Harm     .   (no cloak)
rCorr    .         Rampage  .   b - +1 pair of gloves
Will     .....                  (no boots)
Stlth    +++.......             (no amulet)
HPRegen  0.19/turn              (no ring)
MPRegen  0.16/turn              v - ring of magical power

@: heroism, hasted, very quick
A: breathe lightning, unfitting armour, electricity resistance, cold-blooded, AC
+6
a: Breathe Lightning, Renounce Religion, Heroism


You were on level 5 of the Dungeon.
You worshipped Okawaru.
Okawaru was aware of your devotion.
You visited 1 branch of the dungeon, and saw 5 of its levels.
You also visited: Ossuary.

You collected 273 gold pieces.

Inventory:

Hand Weapons
 a - a +1 falchion (weapon)
Missiles
 d - 3 boomerangs of dispersal
 e - 46 stones
 g - 4 javelins (quivered)
 i - 5 boomerangs
Armour
 b - a +1 pair of gloves (worn)
 h - a +1 buckler (worn)
Jewellery
 t - an uncursed ring of fire
 v - a ring of magical power (right hand)
Wands
 p - a wand of flame (14)
Scrolls
 c - 2 scrolls of blinking
 f - 7 scrolls of teleportation
 x - a scroll of amnesia
Potions
 j - 5 potions of curing
 k - 3 potions of attraction
 l - 3 potions of mutation
 m - 7 potions of haste
 n - 3 potions of heal wounds {unknown}
 o - 2 potions of magic {unknown}
 q - 2 potions of resistance {unknown}
 s - a potion of flight {unknown}
 u - a potion of invisibility {unknown}
 w - a potion of ambrosia {unknown}


   Skills:
 - Level 3.0(8.0) Fighting
 * Level 6.1(11.1) Long Blades
 - Level 1.0(6.0) Throwing
 - Level 2.8(7.8) Dodging
 - Level 4.0(9.0) Shields
 - Level 2.5 Spellcasting
 - Level 3.6 Translocations


You had 3 spell levels left.
You knew the following spells:

 Your Spells              Type           Power        Failure   Level
a - Blink                 Tloc           N/A          9%          2
b - Sandblast             Erth           2%           24%         1
c - Teleport Other        Tloc           11%          16%         3
d - Passwall              Tmut/Erth      0%           36%         2

Your spell library contained the following spells:

 Spells                   Type           Power        Failure   Level
 Gell's Gravitas          Tloc           5%           16%         3
 Lesser Beckoning         Tloc           5%           16%         3
 Stone Arrow              Conj/Erth      2%           58%         3
 Passage of Golubria      Tloc           N/A          47%         4
 Petrify                  Tmut/Erth      1%           94%         4
 Lee's Rapid Deconstruct  Erth           0%           100%        5


Dungeon Overview and Level Annotations

Branches:
Dungeon (5/15)            Ossuary (visited)
 Temple: D:4-7

Altars:
Cheibriados
Dithmenos
Elyvilon
Makhleb
Okawaru
Ru
Uskayaw


Innate Abilities, Weirdness & Mutations

You can breathe wild blasts of lightning.
Your glossy black scales are hard. (AC +6)
You cannot fit into any form of body armour.
You are resistant to electric shocks. (rElec)
You are cold-blooded and may be slowed by cold attacks.


Message History

You block the orc wizard's attack. x2
You hit the orc wizard.
The orc wizard is severely wounded.
The orc wizard misses you.
You closely miss the orc wizard.
The orc wizard is severely wounded.
The orc priest calls down the wrath of Beogh upon you.
Beogh smites you!
* * * LOW HITPOINT WARNING * * *
You block the orc wizard's attack.
You barely miss the orc wizard. You tail-slap the orc wizard.
The orc wizard is severely wounded.
The orc wizard completely misses you.
You slash the orc wizard!
You kill the orc wizard!
Okawaru accepts your kill.
You feel yourself speed up. The hound skeleton barely misses you.
The orc priest mumbles some strange prayers to Beogh against you.
Beogh smites you!
You die...

... .....##..#...... #
.. ####.......#....
..###. ###........##
o..(..#### #####.###..
#.....### ####...# #.8
#(..))(####....#####..
#...##...#..#### #...
#...###o....#######...
#....@Z.###.......#..8
#....#### #######.....
#...## #..... #...#
#..... #...# #....8
#...# #..... .. #...##
### ..... #...#


You could see an orc priest and a hound skeleton.

Vanquished Creatures
  A wraith (Ossuary)
  An ogre (D:5)
  A centaur (D:5)
  A bullfrog zombie (D:5)
  2 orc wizards
  A hound (D:4)
  2 iguanas
  2 worker ants
  3 mummies (Ossuary)
  8 adders
  An ooze (D:4)
  An adder skeleton (D:4)
  4 worms
  2 dart slugs (D:3)
  6 leopard geckos
  7 orcs
  A giant cockroach (D:3)
  12 goblins
  4 hobgoblins
  4 jackals (D:2)
  8 kobolds
  3 quokkas
  4 bats
  7 frilled lizards
  A goblin zombie (Ossuary)
  3 hobgoblin zombies (Ossuary)
  A jackal skeleton (D:5)
  A kobold zombie (Ossuary)
  3 rats
95 creatures vanquished.

Vanquished Creatures (others)
  A fungus (D:3)
1 creature vanquished.

Grand Total: 96 creatures vanquished

Notes
Turn   | Place    | Note
-------+----------+-------------------------------------------
     0 | D:1      | raph the Draconian Warper began the quest for the Orb.
     0 | D:1      | Reached XP level 1. HP: 17/17 MP: 3/3
   224 | D:1      | Reached skill level 1 in Throwing
   425 | D:1      | Reached XP level 2. HP: 10/24 MP: 5/5
  1127 | D:1      | Learned a level 2 spell: Blink
  1564 | D:2      | Reached XP level 3. HP: 9/30 MP: 6/6
  1906 | D:2      | Learned a level 3 spell: Lesser Beckoning
  1919 | D:2      | Found a shadowy altar of Dithmenos.
  1960 | D:2      | Found a white marble altar of Elyvilon.
  1999 | D:2      | Found a hide-covered altar of Uskayaw.
  3420 | D:3      | Reached XP level 4. HP: 37/37 MP: 7/7
  3459 | D:3      | Found a sacrificial altar of Ru.
  3737 | D:3      | Reached skill level 3 in Long Blades
  4337 | D:3      | Found an iron altar of Okawaru.
  4345 | D:3      | Became a worshipper of Warmaster Okawaru
  4451 | D:3      | Found a faded altar of an unknown god.
  4615 | D:3      | Learned a level 3 spell: Teleport Other
  4781 | D:3      | Reached XP level 5. HP: 37/45 MP: 8/8
  5184 | D:4      | Found a snail-covered altar of Cheibriados.
  5184 | D:4      | Found a burning altar of Makhleb.
  5394 | D:4      | Learned a level 1 spell: Sandblast
  5877 | D:4      | Reached skill level 4 in Long Blades
  6100 | D:4      | Reached skill level 1 in Shields
  6531 | D:5      | Entered Level 5 of the Dungeon
  6533 | D:5      | Noticed an ogre
  6613 | D:4      | Learned a level 2 spell: Passwall
  6614 | D:5      | Found a sand-covered staircase.
  6634 | Ossuary  | Entered an ossuary
  6634 | Ossuary  | Noticed a wraith
  6634 | Ossuary  | Noticed a wraith
  6634 | Ossuary  | Noticed a wraith
  6750 | Ossuary  | Noticed a wraith
  6758 | Ossuary  | Killed a wraith
  6759 | Ossuary  | Reached XP level 6. HP: 35/51 MP: 9/9
  7133 | Ossuary  | Reached skill level 5 in Long Blades
  7868 | D:5      | Your scales start taking on a glossy black colour.
  7868 | D:5      | Reached XP level 7. HP: 48/57 MP: 10/10
  7868 | D:5      | Gained mutation: You are resistant to electric shocks.
                  | (rElec) [Black Draconian growth]
  7993 | D:5      | Reached * piety under Okawaru
  7994 | D:5      | Reached skill level 6 in Long Blades
  8241 | D:5      | Identified the cursed +1 chain mail of Protective Custody
                  | {rC+ Int+2}
  8281 | D:5      | Killed from afar by an orc priest

Illustrated notes

Levels and vault maps discovered:
D:1:      psy_arrival_dodecagon, layout_basic
D:2:      layout_basic, grunt_dithmenos_smoke, eat_drink_and_be_merry_uskayaw,
          elyvilon_altar_5
D:3:      layout_basic, old_standard_altar, chequers_ecumenical_altar_grove,
          minmay_misc_feat_more_columns, hangedman_decor_push,
          dk_noncrumbling_3, nicolae_ru_the_path_less_chosen
D:4:      layout_loops_ring, gammafunk_temple_overflow_pools,
          hangedman_abyss_or_decor_stabs
D:5:      layout_rooms, nicolae_ossuary_entry_ruins,
          minmay_misc_feat_four_crosses

Skill      XL: |  1  2  3  4  5  6  7 |
---------------+----------------------+-----
Throwing       | 1 |  1.0
Long Blades    | 3 4 5 6 |  6.1
Fighting       | 3 |  3.0
Shields        | 2 3 4 |  4.0
Dodging        | |  2.8
Spellcasting   | |  2.5
Translocations | |  3.6

Action                   |  1- 3 |  4- 6 |  7- 9 || total
-------------------------+-------+-------+-------++-------
Melee: Falchion          |   130 |   274 |    50 ||   454
       Tailslap          |     6 |    35 |     4 ||    45
Throw: Boomerang         |     2 |       |       ||     2
       Javelin           |       |     4 |     2 ||     6
 Cast: Blink             |       |       |     1 ||     1
Invok: Heroism           |       |       |     1 ||     1
 Abil: Breathe Lightning |       |       |     2 ||     2
Evoke: Wand              |       |     1 |     3 ||     4
  Use: Potion            |     1 |     1 |     1 ||     3
       Scroll            |     1 |    13 |       ||    14
 Stab: Sleeping          |     1 |       |       ||     1
Armor: Skin              |    42 |    52 |    17 ||   111
Dodge: Dodged            |   100 |   155 |    32 ||   287
Block: Buckler           |       |    26 |    13 ||    39
       Rpst.: Falchion   |    27 |    58 |     9 ||    94
